 Dungeon Crawl Stone Soup version 0.24.0-123-gd5b16e6ec5 (webtiles) character file.

Game seed: 15737856975214984752, levelgen mode: deterministic

8869 Notrik the Warrior (level 11, 0/115 HPs)
             Began as a Minotaur Berserker on Feb 5, 2020.
             Was an Elder of Trog.
             Slain by a seven-headed hydra (9 damage)
             ... on level 9 of the Dungeon.
             The game lasted 00:25:45 (10188 turns).

Notrik the Warrior (Minotaur Berserker)            Turns: 10188, Time: 00:25:46

Health: 0/115      AC: 17    Str: 26    XL:     11   Next: 15%
Magic:  13/13      EV:  6    Int:  4    God:    Trog [****..]
Gold:   230        SH:  9    Dex: 12    Spells: 10/10 levels left

rFire    + + +     SeeInvis .   A - +2 long sword (drain)
rCold    + . .     Gourm    .   I - +1 shield of the Jabberwock {rF++ MR- Slay+3}
rNeg     . . .     Faith    .   c - +2 chain mail {rC+}
rPois    +         Spirit   .   (helmet restricted)
rElec    .         Reflect  .   H - +0 cloak
rCorr    .         Harm     .   M - +1 pair of gloves {Dex+3}
MR       +....                  (no boots)
Stlth    ..........             (no amulet)
HPRegen  1.29/turn              i - ring of protection from fire
MPRegen  0.13/turn              B - ring of poison resistance

@: regenerating
A: retaliatory headbutt, horns 2
a: Berserk, Trog's Hand, Brothers in Arms, Renounce Religion


You were on level 9 of the Dungeon.
You worshipped Trog.
Trog was greatly pleased with you.
You were hungry.

You visited 1 branch of the dungeon, and saw 9 of its levels.
You also visited: Ossuary.

You collected 786 gold pieces.
You spent 556 gold pieces at shops.

Inventory:

Hand Weapons
 A - a +2 long sword of draining (weapon)
   (You found it on level 6 of the Dungeon)
Armour
 c - a +2 chain mail of cold resistance (worn)
   (You bought it in a shop on level 9 of the Dungeon)
 j - a +1 scale mail of fire resistance
   (You found it on level 1 of the Dungeon)
 H - a +0 cloak (worn)
   (You found it on level 8 of the Dungeon)
 I - the +1 shield of the Jabberwock (worn) {rF++ MR- Slay+3}
   (You took it off an orc warrior on level 8 of the Dungeon)

   It affects your accuracy and damage with ranged weapons and melee attacks
   (+3).
   It greatly protects you from fire.
   It affects your resistance to hostile enchantments.
 M - a +1 pair of gloves of dexterity (worn)
   (You found it on level 8 of the Dungeon)
Jewellery
 i - a ring of protection from fire (left hand)
   (You found it in an ossuary)
 B - a ring of poison resistance (right hand)
   (You found it on level 6 of the Dungeon)
Wands
 d - a wand of iceblast (17)
   (You found it on level 3 of the Dungeon)
 q - a wand of polymorph (11)
   (You found it on level 3 of the Dungeon)
 t - a wand of flame (50)
   (You found it on level 8 of the Dungeon)
Scrolls
 f - a scroll of random uselessness {unknown}
 g - 3 scrolls of magic mapping
 h - a scroll of identify {@r1}
 l - 14 scrolls of remove curse {@r2}
 n - 2 scrolls of fear
 s - 9 scrolls of teleportation {@r4}
 v - a scroll of enchant armour
 w - a scroll of enchant weapon {unknown}
 y - a scroll of summoning {unknown}
 D - a scroll of acquirement {unknown}
 F - 4 scrolls of blinking
Potions
 a - 3 potions of mutation {!q}
 b - a potion of resistance {unknown}
 k - 3 potions of agility
 o - 3 potions of lignification {!q}
 p - 4 potions of curing {@q1}
 r - a potion of ambrosia
 u - 4 potions of brilliance
 x - 4 potions of heal wounds {@q2}
 z - 3 potions of might
 G - a potion of haste {@q3}
Miscellaneous
 C - a crystal ball of energy
   (You found it on level 9 of the Dungeon)
 N - a sack of spiders
Comestibles
 e - 20 rations {!d}
 m - 9 chunks of flesh


   Skills:
 * Level 16.3 Fighting
   Level 3.6 Axes
 - Level 10.0 Armour
 - Level 2.1 Dodging
 - Level 5.0 Evocations


You had 10 spell levels left.
You didn't know any spells.
Your spell library was empty.

Dungeon Overview and Level Annotations

Branches:
Dungeon (9/15)             Temple (0/1) D:6            Lair (0/6) D:8
Ossuary (visited)
    Orc: D:9-12

Altars:
Ashenzari
Gozag
Kikubaaqudgha
Makhleb
Okawaru
Ru
Trog
Uskayaw
Wu Jian
Xom
Zin

Shops:
D:4 *   D:9 *


Innate Abilities, Weirdness & Mutations

You reflexively headbutt those who attack you in melee.
You have a pair of horns on your head.


Message History

* * * LOW HITPOINT WARNING * * *
The seven-headed hydra bites you but does no damage. x3
You block the seven-headed hydra's attack. x2
The seven-headed hydra bites you but does no damage.
Your ogre hits the seven-headed hydra with a +0 giant spiked club!
Your ogre barely misses the seven-headed hydra.
Your ogre closely misses the big kobold.
Your ogre hits the big kobold with a +0 giant spiked club!!!
The big kobold dies!
Trog accepts your kill.
Your ogre rages.
The seven-headed hydra bites you but does no damage.
The seven-headed hydra barely misses you.
The seven-headed hydra bites you!
* * * LOW HITPOINT WARNING * * *
The seven-headed hydra bites you but does no damage.
You block the seven-headed hydra's attack. x2
The seven-headed hydra bites you but does no damage.
Your ogre rages.
Your ogre hits the seven-headed hydra with a +0 giant spiked club!
The seven-headed hydra bites your ogre!
The seven-headed hydra bites your ogre. x2
The seven-headed hydra bites your ogre!
The seven-headed hydra bites your ogre. x2
The seven-headed hydra bites your ogre!
Your ogre dies!
Your ogre's corpse disappears in a puff of smoke!
The seven-headed hydra roars!
The seven-headed hydra seems less drained.
Your skin crawls.
You feel resistant to hostile enchantments.
You are feeling hungry.
Trog will no longer gift you weapons.
The seven-headed hydra bites you but does no damage.
The seven-headed hydra bites you!
* * * LOW HITPOINT WARNING * * *
The seven-headed hydra bites you.
* * * LOW HITPOINT WARNING * * *
You block the seven-headed hydra's attack.
The seven-headed hydra bites you.
* * * LOW HITPOINT WARNING * * *
The seven-headed hydra barely misses you. x2
Some of the chunks of flesh in your inventory have rotted away.
The mass of ice explodes!
The iceblast engulfs the seven-headed hydra!!
The seven-headed hydra bites you but does no damage.
The seven-headed hydra bites you.
* * * LOW HITPOINT WARNING * * *
The seven-headed hydra bites you!
* * * LOW HITPOINT WARNING * * *
The seven-headed hydra bites you!
You die...

###### #..(.######
#.........#######
#...............###########
#..........................
#..........................
#..........................
###......D@................
#........................
#.....#####.....#########
#.....#...'.....#........
#.....#...###'###...<....
#.....#............).÷...
#.÷...#.......#########..
####.....####....# #..
#...........#....# #..


You could see a seven-headed hydra.

Vanquished Creatures
  A two-headed ogre (D:9)
  3 trolls
  2 dream sheep (D:9)
  A hippogriff (D:8)
  A wyvern (D:8)
  2 yaks (D:9)
  Grum (D:9)
  A steam dragon (D:8)
  A water moccasin (D:8)
  2 orc warriors
  2 ice beasts
  A black bear (D:8)
  6 ogres
  2 phantoms
  3 sky beasts
  6 centaurs
  4 wolves (D:9)
  3 big kobolds
  8 bullfrogs
  2 water moccasin skeletons
  2 wyvern skeletons
  2 scorpions
  4 wights (D:9)
  A quasit (D:7)
  4 bullfrog zombies
  3 crimson imps
  2 jellies
  4 human zombies (Ossuary)
  5 orc priests
  3 hounds
  7 orc wizards
  A bullfrog skeleton (D:5)
  A centaur skeleton (D:6)
  2 iguanas
  6 worker ants
  A hound skeleton (D:5)
  2 mummies (Ossuary)
  A worker ant zombie (D:6)
  A gnoll (D:8)
  13 adders
  A howler monkey skeleton (D:7)
  2 shadow imps (D:8)
  An ooze (D:3)
  2 adder zombies (Ossuary)
  4 worms
  6 dart slugs
  4 leopard geckos
  42 orcs
  3 ball pythons
  8 giant cockroaches
  13 goblins
  9 hobgoblins
  5 jackals
  3 quokkas
  3 bats
  8 frilled lizards
  A goblin zombie (Ossuary)
  8 hobgoblin zombies (Ossuary)
  A jackal skeleton (D:6)
  2 jackal zombies (Ossuary)
  12 kobolds
  6 kobold zombies (Ossuary)
  13 orc zombies (Ossuary)
  A quokka skeleton (D:8)
  8 rats
  A rat zombie (Ossuary)
284 creatures vanquished.

Vanquished Creatures (collateral kills)
  A two-headed ogre (D:8)
  A deep troll (D:9)
  A gargoyle (D:8)
  An efreet (D:8)
  A troll (D:8)
  A yak (D:8)
  An orc warrior (D:8)
  2 centaurs (D:8)
  A bullfrog (D:8)
  A big kobold (D:9)
  A shadow imp (D:8)
12 creatures vanquished.

Vanquished Creatures (others)
  A bush (D:5)
  A fungus (D:9)
  4 toadstools (D:9)
6 creatures vanquished.

Grand Total: 302 creatures vanquished

Notes
Turn   | Place    | Note
-------+----------+-------------------------------------------
     0 | D:1      | Notrik the Minotaur Berserker began the quest for the Orb.
     0 | D:1      | Reached XP level 1. HP: 19/19 MP: 0/0
    15 | D:1      | Reached skill level 4 in Fighting
    80 | D:1      | Reached XP level 2. HP: 26/28 MP: 1/1
   299 | D:1      | Reached skill level 5 in Fighting
   365 | D:1      | Reached ** piety under Trog
   365 | D:1      | Reached XP level 3. HP: 34/36 MP: 2/2
   855 | D:2      | Reached XP level 4. HP: 34/42 MP: 3/3
  1586 | D:3      | Reached skill level 6 in Fighting
  1597 | D:3      | Reached XP level 5. HP: 35/50 MP: 4/4
  1890 | D:3      | Reached *** piety under Trog
  1905 | D:3      | Found a faded altar of an unknown god.
  2003 | D:3      | Reached skill level 1 in Evocations
  2221 | D:4      | Reached XP level 6. HP: 44/58 MP: 4/6
  2241 | D:4      | Found a hide-covered altar of Uskayaw.
  2244 | D:4      | Found an iron altar of Okawaru.
  2244 | D:4      | Found a burning altar of Makhleb.
  2252 | D:4      | Reached skill level 5 in Armour
  2287 | D:4      | Found Parianint's General Store.
  2525 | D:4      | Bought 2 potions of lignification for 72 gold pieces
  2525 | D:4      | Bought 2 scrolls of identify for 48 gold pieces
  2525 | D:4      | Bought a scroll of identify for 24 gold pieces
  2525 | D:4      | Bought a scroll of remove curse for 36 gold pieces
  2744 | D:5      | Entered Level 5 of the Dungeon
  2757 | D:5      | Reached skill level 7 in Fighting
  3102 | D:5      | Reached XP level 7. HP: 50/66 MP: 7/7
  3164 | D:5      | Found an ornate altar of the Wu Jian Council.
  3631 | D:5      | Reached skill level 8 in Fighting
  3637 | D:5      | Reached **** piety under Trog
  3819 | D:6      | Found a shattered altar of Ashenzari.
  3907 | D:6      | Reached XP level 8. HP: 74/74 MP: 9/9
  4357 | D:6      | Found a staircase to the Ecumenical Temple.
  4529 | D:7      | Found a sand-covered staircase.
  4537 | Ossuary  | Entered an ossuary
  4874 | Ossuary  | Reached skill level 9 in Fighting
  5217 | D:7      | Reached skill level 5 in Evocations
  5237 | D:7      | Reached ***** piety under Trog
  5315 | D:7      | Found a sacrificial altar of Ru.
  5322 | D:7      | Found an opulent altar of Gozag.
  5323 | D:7      | Found a shimmering altar of Xom.
  5328 | D:7      | Found a glowing silver altar of Zin.
  5482 | D:7      | Reached XP level 9. HP: 85/85 MP: 11/11
  5529 | D:7      | Reached skill level 10 in Fighting
  5789 | D:8      | Found a staircase to the Lair.
  6042 | D:8      | Found an ancient bone altar of Kikubaaqudgha.
  6062 | D:8      | Reached skill level 11 in Fighting
  6837 | D:8      | Reached skill level 12 in Fighting
  6837 | D:8      | Reached skill level 10 in Armour
  6857 | D:8      | Noticed a two-headed ogre
  6866 | D:8      | Killed a two-headed ogre
  6866 | D:8      | Reached XP level 10. HP: 9/100 MP: 12/12
  7403 | D:8      | Reached skill level 13 in Fighting
  7418 | D:8      | Noticed a gargoyle
  7420 | D:8      | Identified the +1 shield of the Jabberwock {rF++ MR-
                  | Slay+3}
  7430 | D:8      | Killed a gargoyle
  7598 | D:8      | Got a brightly glowing chain mail
  8082 | D:8      | Identified the cursed +0 chain mail "Ydioky Ciph" {rPois
                  | rC- Regen+ Str+3} (You found it on level 8 of the Dungeon)
  8155 | D:8      | Found a bloodstained altar of Trog.
  8759 | D:9      | Reached skill level 14 in Fighting
  9254 | D:9      | Noticed Grum
  9271 | D:9      | Killed Grum
  9574 | D:9      | Reached skill level 15 in Fighting
  9578 | D:9      | Received a gift from Trog
  9631 | D:9      | Noticed a deep troll
  9638 | D:9      | Killed a deep troll
  9865 | D:9      | Got a dazzling dire flail
  9917 | D:9      | Found Yxtodeg's General Store.
  9926 | D:9      | Bought a scroll of fear for 45 gold pieces
  9926 | D:9      | Bought a potion of curing for 39 gold pieces
  9926 | D:9      | Bought a potion of degeneration for 13 gold pieces
  9926 | D:9      | Bought a +2 chain mail of cold resistance for 279 gold
                  | pieces
  9972 | D:9      | Noticed a two-headed ogre
  9980 | D:9      | Killed a two-headed ogre
  9980 | D:9      | Reached XP level 11. HP: 95/114 MP: 13/13
 10087 | D:9      | Reached skill level 16 in Fighting
 10142 | D:9      | Noticed a three-headed hydra
 10188 | D:9      | Slain by a seven-headed hydra

Levels and vault maps discovered:
D:1:      dpeg_arrival_rooms_b, layout_loops_ring
D:2:      layout_loops_corners, first_ration
D:3:      layout_loops_ring, chequers_ecumenical_altar_island
D:4:      layout_rooms, chequers_temple_overflow_statue_of_worship,
          serial_shops, shop_fountains, chequers_serial_rivers_small_b
D:5:      layout_gridville, old_standard_altar, portal_sewer_entry_e,
          kb_lookout_dungeons_type
D:6:      layout_loops_cross, ashenzari_conservatory_becter, temple_hall
D:7:      layout_basic, minitemple, nicolae_ossuary_entry_plus,
          chequers_serial_rivers_large_b
D:8:      minmay_the_grid_octo_tiled_octocenter
          [minmay_the_grid_octo_vomiting_pacman, minmay_the_grid_octo_pinwheel,
          minmay_the_grid_octo_thin_diamonds, minmay_the_grid_octo_clover,
          minmay_the_grid_octo_prize_star, minmay_the_grid_square_5x5_bracketed,
          minmay_the_grid_square_5x5_checkered_sparse,
          minmay_the_grid_square_5x5_n, minmay_the_grid_square_5x5_two],
          layout_basic, nicolae_overflow_crystal_walls
D:9:      layout_irregular_city, serial_shops, shop, hangedman_ranch
          [blue_anna_fruit_fields], minmay_gold_behind_fungi,
          kennysheep_just_a_vault, uniq_grum

Skill      XL: |  1  2  3  4  5  6  7  8  9 10 11 |
---------------+----------------------------------+-----
Fighting       | 4 5 6 7 8 9 12 15 16 | 16.3
Armour         | 3 4 5 6 8 10 | 10.0
Evocations     | 1 2 3 5 |  5.0
Axes           | |  3.6
Dodging        | |  2.1

Action                   |  1- 3 |  4- 6 |  7- 9 | 10-12 || total
-------------------------+-------+-------+-------+-------++-------
Melee: Hand axe          |    76 |   172 |    87 |       ||   335
       Headbutt          |    12 |    33 |    93 |    40 ||   178
       Long sword        |       |       |   226 |   146 ||   372
Invok: Berserk           |       |     1 |     3 |     2 ||     6
       Trog's Hand       |       |       |     1 |     1 ||     2
       Brothers in Arms  |       |       |     2 |     4 ||     6
Evoke: Wand              |       |       |       |     1 ||     1
  Use: Scroll            |       |     2 |     9 |     5 ||    16
  Eat: Chunk             |       |     8 |    10 |     7 ||    25
       Ration            |       |       |     2 |     2 ||     4
Armor: Animal skin       |     5 |       |       |       ||     5
       Scale mail        |    16 |    71 |   179 |    94 ||   360
       Chain mail        |       |       |       |    72 ||    72
Dodge: Dodged            |    51 |    93 |   188 |    85 ||   417
Block: Buckler           |       |    14 |    39 |     3 ||    56
       Shield            |       |       |       |   114 ||   114
       Rpst.: Long sword |       |       |    35 |    10 ||    45
